 Dungeon Crawl Stone Soup version 0.29.1-15-g9cfb28693d (console) character file.

Game seed: 4468722182933115610

9 sentinel the Digger (level 2, 20/20 HPs)
             Began as a Meteoran Earth Elementalist on Aug 15, 2023.
             Quit the game on level 1 of the Dungeon.
             The game lasted 00:00:04 (136 turns).

sentinel the Digger (Meteoran Earth Elementalist)    Turns: 136, Time: 00:00:05

Health: 20/20      AC:  2    Str:  9    XL:     2   Next: 35%
Magic:  6/6        EV: 12    Int: 16    God:
Gold:   0          SH:  0    Dex: 14    Spells: 5/6 levels left

rFire   . . .      SeeInvis .   (no weapon)
rCold   . . .      Faith    .   (no shield)
rNeg    . . .      Spirit   .   a - +0 robe
rPois   .          Reflect  .   (no helmet)
rElec   .          Harm     .   (no cloak)
rCorr   .          Rampage  .   (no gloves)
Will    .....                   (no boots)
Stlth   +.........              (no amulet)
HPRegen 0.06/turn               (no ring)
MPRegen 0.10/turn               (no ring)

@: glowing
A: sense surroundings 1, otherworldly, glowing, explore regen
a: no special abilities


You were on level 1 of the Dungeon.
You visited 1 branch of the dungeon, and saw 1 of its levels.

Inventory:

Missiles
 f - a throwing net
Armour
 a - a +0 robe (worn)
Scrolls
 c - a scroll of torment {unknown}
 d - a scroll of poison {unknown}
Potions
 b - a potion of magic
 e - a potion of flight {unknown}
 g - a potion of haste {unknown}


   Skills:
 - Level 2.4 Dodging
 - Level 1.4 Stealth
 - Level 2.6 Spellcasting
 - Level 1.2 Transmutations
 + Level 4.4 Earth Magic


You had 5 spell levels left.
You knew the following spells:

 Your Spells              Type           Power      Damage    Failure   Level
a - Sandblast             Erth           32%        2d9       3%          1

Your spell library contained the following spells:

 Spells                   Type           Power      Damage    Failure   Level
 Passwall                 Tmut/Erth      9%         N/A       10%         2
 Stone Arrow              Conj/Erth      18%        3d8       24%         3
 Petrify                  Tmut/Erth      11%        N/A       52%         4


Dungeon Overview and Level Annotations

Branches:
Dungeon (1/15) Zot: 460

Altars:


Innate Abilities, Weirdness & Mutations

You passively map a small area around you.
You are easily found by Zot.
You glow in the dark.
You regain HP and MP as you explore.


Message History

You can't see any susceptible monsters within range! (Use Z to cast anyway.) Unknown command.
You can't see any susceptible monsters within range! (Use Z to cast anyway.) Unknown command.
No target in view!
No target in view!
You can't see any susceptible monsters within range! (Use Z to cast anyway.) Unknown command.
You can't see any susceptible monsters within range! (Use Z to cast anyway.) Unknown command.
You can't see any susceptible monsters within range! (Use Z to cast anyway.) Unknown command.
You can't see any susceptible monsters within range! (Use Z to cast anyway.) Unknown command.
No target in view!
No target in view!
You can't see any susceptible monsters within range! (Use Z to cast anyway.) Unknown command.
You can't see any susceptible monsters within range! (Use Z to cast anyway.) Unknown command.
You can't see any susceptible monsters within range! (Use Z to cast anyway.) Unknown command.
You can't see any susceptible monsters within range! (Use Z to cast anyway.) Unknown command.
Magic restored.
A goblin comes into view. It is wielding a +0 club.
Found a throwing net.
The goblin shouts!
Unknown command.
But you're not safe!
Unknown command.
But you're not safe!
Unknown command.
But you're not safe!
Unknown command.
But you're not safe!
Unknown command.
The blast of sand hits the goblin!
You kill the goblin!
A hobgoblin comes into view.
A dart slug comes into view.
A giant cockroach comes into view.
The blast of sand hits the dart slug.
The dart slug is lightly wounded.
The dart slug launches a dart at you. The slug dart hits you.
The blast of sand hits the hobgoblin!
You kill the hobgoblin!
Your Earth Magic skill increases to level 4!
Unknown command.
The blast of sand hits the giant cockroach.
The giant cockroach is almost dead.
Unknown command.
The blast of sand hits the giant cockroach.
You kill the giant cockroach!
The dart slug launches a dart at you. The slug dart hits you.
You have reached level 2!
Unknown command.
You are out of magic!
Unknown command.
You hit the dart slug but do no damage.
The dart slug is lightly wounded.
You hit the dart slug.
The dart slug is moderately wounded.
The dart slug misses you.
You are out of magic!
Unknown command.
You are out of magic!
Unknown command.
You are out of magic!
Unknown command.
You hit the dart slug but do no damage.
The dart slug is moderately wounded.
The dart slug barely misses you.
You hit the dart slug.
The dart slug is moderately wounded.
The blast of sand hits the dart slug!
You kill the dart slug!
Unknown command.
You are out of magic!
Unknown command.
You are out of magic!
Unknown command.
You are out of magic!
Unknown command.
d - a scroll labelled DUTEEL UGEZ Unknown command.
Found 14 gold pieces.
You see here a hobgoblin corpse.
Unknown command.
e - an inky potion Unknown command.
You see here a hobgoblin corpse.
f - a throwing net You see here 14 gold pieces.
You open the door.
There is an open door here.
HP restored.
A rat comes into view.
Unknown command.
But you're not safe!
Unknown command.
The blast of sand hits the rat!
You kill the rat!
You can't see any susceptible monsters within range! (Use Z to cast anyway.) Unknown command.
You can't see any susceptible monsters within range! (Use Z to cast anyway.) Unknown command.
You can't see any susceptible monsters within range! (Use Z to cast anyway.) Unknown command.
You can't see any susceptible monsters within range! (Use Z to cast anyway.) Unknown command.
No target in view!
No target in view!
You can't see any susceptible monsters within range! (Use Z to cast anyway.) Unknown command.
You can't see any susceptible monsters within range! (Use Z to cast anyway.) Unknown command.
You can't see any susceptible monsters within range! (Use Z to cast anyway.) Unknown command.
You can't see any susceptible monsters within range! (Use Z to cast anyway.) Unknown command.
No target in view!
No target in view!
You can't see any susceptible monsters within range! (Use Z to cast anyway.) Unknown command.
You can't see any susceptible monsters within range! (Use Z to cast anyway.) Unknown command.
You can't see any susceptible monsters within range! (Use Z to cast anyway.) Unknown command.
You can't see any susceptible monsters within range! (Use Z to cast anyway.) Unknown command.
You see here a rat corpse.
Found a cloak.
Unknown command.
You see here a +0 cloak.
g - a green potion Unknown command.
A hobgoblin comes into view.
The hobgoblin shouts!
Unknown command.
But you're not safe!
Unknown command.
But you're not safe!
Unknown command.
Unknown command.
Unknown command.
Unknown command.
Unknown command.
Are you sure you want to abandon this character and quit the game? (Confirm with "yes".)

....+...##...#......#*
..8##[..##...#......#
#####.......#####################
####..#>.........†..............#
####..#.#######################.#
........# #.##.#
################## #....# #
,...g....# #.#### # #@# #.# # #.#
#.# # #.# #.# # #.# #.# # #.# #.#
* #.# #.# #.# #.# #[# #.#
#.###########.#


You could see a hobgoblin.

Vanquished Creatures
  A dart slug (D:1)
  A giant cockroach (D:1)
  A goblin (D:1)
  A hobgoblin (D:1)
  A quokka (D:1)
  A rat (D:1)
6 creatures vanquished.

Notes
Turn   | Place    | Note
-------+----------+-------------------------------------------
     0 | D:1      | sentinel the Meteoran Earth Elementalist began the quest
                  | for the Orb.
     0 | D:1      | Reached XP level 1. HP: 14/14 MP: 5/5
    39 | D:1      | Reached skill level 4 in Earth Magic
    41 | D:1      | Reached XP level 2. HP: 11/20 MP: 0/6
   136 | D:1      | Quit the game

Illustrated notes

Levels and vault maps discovered:
D:1:      spicycebolla_arrival_ecumenical, layout_basic, serial_shops,
          shop_statue, grunt_decor_cap, minmay_distorted

Skill      XL: |  1 |
---------------+----+-----
Earth Magic    | 4 |  4.4
Dodging        | |  2.4
Stealth        | |  1.4
Spellcasting   | |  2.6
Transmutations | |  1.2

Action                   || total
-------------------------++-------
Melee: Unarmed           ||     4
 Cast: Sandblast         ||     8
Dodge: Dodged            ||     2
